 Dungeon Crawl Stone Soup version 0.26.0-45-g9c1d065592 (webtiles) character file.

Game seed: 3310419369728610419

1353 swilekon the Cudgeller (level 8, -4/56 HPs)
             Began as an Octopode Fighter on Feb 1, 2021.
             Was an Initiate of Okawaru.
             Killed from afar by a steam dragon (19 damage)
             ... with a ball of steam
             ... on level 7 of the Dungeon.
             The game lasted 00:11:24 (8491 turns).

swilekon the Cudgeller (Octopode Fighter)           Turns: 8491, Time: 00:11:25

Health: -4/56      AC:  1    Str: 24    XL:     8   Next: 63%
Magic:  8/8        EV: 13    Int: 10    God:    Okawaru [......]
Gold:   264        SH: 10    Dex: 11    Spells: 7/7 levels left

rFire    . . .     SeeInvis .   a - +0 flail
rCold    . . .     Faith    .   b - +0 kite shield
rNeg     . . .     Spirit   .   (helmet restricted)
rPois    .         Reflect  .   (no amulet)
rElec    .         Harm     .   m - ring of resist corrosion
rCorr    +         Rampage  .   o - +6 ring of strength
Will     .....                  (no ring)
Stlth    ++........             (no ring)
HPRegen  0.18/turn              (no ring)
MPRegen  0.11/turn              (no ring)
                                (no ring)
                                (no ring)

@: no status effects
A: almost no armour, stealthy swim, amphibious, 8 rings, constrict 8, camouflage
1, gelatinous body 1
a: Renounce Religion


You were on level 7 of the Dungeon.
You worshipped Okawaru.
Okawaru was noncommittal.
You visited 2 branches of the dungeon, and saw 8 of its levels.

You collected 264 gold pieces.

Inventory:

Hand Weapons
 a - a +0 flail (weapon)
Armour
 b - a +0 kite shield (worn)
Jewellery
 m - a ring of resist corrosion (left tentacle)
 o - a +6 ring of strength (right tentacle)
Wands
 p - a wand of acid (4)
 q - a wand of polymorph (7)
 s - a wand of paralysis (6)
 v - a wand of disintegration (10)
 y - a wand of enslavement (13)
Scrolls
 d - 6 scrolls of identify
 g - 4 scrolls of remove curse
 h - a scroll of enchant armour {unknown}
 i - 2 scrolls of teleportation {unknown}
 j - a scroll of noise {unknown}
 l - 3 scrolls of immolation {unknown}
 w - a scroll of amnesia {unknown}
 x - a scroll of fog {unknown}
Potions
 c - 2 potions of might
 e - 2 potions of mutation {unknown}
 f - 2 potions of magic {unknown}
 k - 3 potions of heal wounds {unknown}
 n - 2 potions of brilliance {unknown}
 r - 2 potions of curing {unknown}
 t - a potion of haste {unknown}
 u - a potion of berserk rage {unknown}
 z - a potion of experience {unknown}


   Skills:
 + Level 5.4 Fighting
 * Level 6.7 Maces & Flails
 + Level 5.5 Dodging
 + Level 5.4 Shields


You had 7 spell levels left.
You didn't know any spells.
Your spell library was empty.

Dungeon Overview and Level Annotations

Branches:
Dungeon (7/15)             Temple (1/1) D:5

Altars:
Ashenzari
Cheibriados
Dithmenos
Elyvilon
Gozag
Hepliaklqana
Kikubaaqudgha
Makhleb
Nemelex Xobeh
Okawaru
Qazlal
Ru
Sif Muna
Trog
Uskayaw
Vehumet
Wu Jian
Xom
Zin
The Shining One

Annotations:
D:4 2 transporters


Innate Abilities, Weirdness & Mutations

You cannot wear most types of armour.
You are very stealthy in the water. (Stealth+)
You are amphibious.
You can wear up to eight rings at the same time.
You can use your tentacles to constrict eight enemies at once.
Your skin changes colour to match your surroundings (Stealth+).
Your rubbery body absorbs attacks. (AC +1, EV +1)


Message History

The steam dragon is moderately wounded.
The steam dragon bites you. You block the steam dragon's attack.
You sock the steam dragon! You squeeze the steam dragon.
The steam dragon is heavily wounded.
The steam dragon breathes steam at you. The ball of steam hits you!!
You closely miss the steam dragon.
The steam dragon is heavily wounded.
The steam dragon bites you. The steam dragon claws you.
The steam dragon bites you. The steam dragon claws you.
* * * LOW HITPOINT WARNING * * *
You barely miss the steam dragon.
The steam dragon is heavily wounded.
The steam dragon closely misses you. The steam dragon barely misses you.
You sock the steam dragon!
You squeeze the steam dragon, but do no damage.
The steam dragon is almost dead.
The steam dragon breathes steam at you. The ball of steam hits you!!
You die...

.# #.....#######..._..#
.###'###..............#
..........######......#
...........# #..#.###
.........#.#####..#.#
.........#.##.......#
##.......#.##.......#
.).......#.##....§..+
#.))....##.##...@...#
#.÷..##.# ..#..D....+
#.)..##.# #.#.......#
#.......# .........#
#.....### ##.....:..#
....#.... .........##
......##.#.........#
.......# #.........#
.......# #


You could see a steam dragon (catching breath).

Vanquished Creatures
  Grinder (D:4)
  Duvessa (D:5)
  An ogre (D:5)
  A centaur (D:5)
  Blork the orc (D:4)
  A wyvern zombie (D:6)
  Dowan (D:5)
  A bullfrog zombie (D:6)
  Crazy Yiuf (D:2)
  A centaur skeleton (D:5)
  A jelly (D:7)
  A hound (D:6)
  An orc priest (D:5)
  5 orc wizards
  A gnoll shaman (D:2)
  A bullfrog skeleton (D:6)
  Ijyb (D:3)
  2 iguanas
  A worker ant (D:5)
  11 adders
  6 gnolls
  A white imp (D:5)
  An ooze (D:5)
  2 adder skeletons
  3 leopard geckos
  13 orcs
  10 bats
  A giant cockroach (D:2)
  4 goblins
  4 hobgoblins
  17 jackals
  4 quokkas
  5 frilled lizards
  A jackal skeleton (D:4)
  A jackal zombie (D:7)
  5 kobolds
  A leopard gecko skeleton (D:4)
  A quokka skeleton (D:5)
  6 rats
121 creatures vanquished.

Notes
Turn   | Place    | Note
-------+----------+-------------------------------------------
     0 | D:1      | swilekon the Octopode Fighter began the quest for the Orb.
     0 | D:1      | Reached XP level 1. HP: 16/16 MP: 1/1
   132 | D:1      | Reached XP level 2. HP: 21/21 MP: 2/2
  1077 | D:1      | Reached XP level 3. HP: 26/26 MP: 3/3
  1859 | D:2      | Found a faded altar of an unknown god.
  1859 | D:2      | Found a burning altar of Makhleb.
  1867 | D:2      | Found a bloodstained altar of Trog.
  1894 | D:2      | Found an ancient bone altar of Kikubaaqudgha.
  1896 | D:2      | Found a faded altar of an unknown god.
  2096 | D:2      | Found a runed translucent door.
  2097 | D:2      | Noticed Crazy Yiuf
  2119 | D:2      | Reached skill level 3 in Maces & Flails
  2119 | D:2      | Reached XP level 4. HP: 31/31 MP: 4/4
  2363 | D:2      | Killed Crazy Yiuf
  2500 | D:3      | Reached XP level 5. HP: 27/36 MP: 5/5
  2888 | D:3      | Found a stormy altar of Qazlal.
  2907 | D:3      | Noticed Ijyb
  2919 | D:3      | Killed Ijyb
  3413 | D:2      | Reached skill level 4 in Maces & Flails
  3425 | D:3      | Reached XP level 6. HP: 26/43 MP: 6/6
  3837 | D:3      | Found a snail-covered altar of Cheibriados.
  3955 | D:4      | Noticed Grinder
  3963 | D:4      | HP: 2/43 [Grinder/nerve-wracking pain (3)]
  3965 | D:4      | Killed Grinder
  4207 | D:4      | Reached XP level 7. HP: 41/48 MP: 7/7
  4357 | D:4      | Found a transporter.
  4362 | D:4      | Noticed a kobold demonologist
  4424 | D:4      | Found a transporter.
  4568 | D:4      | Noticed Blork the orc
  4575 | D:4      | Killed Blork the orc
  4576 | D:4      | Reached skill level 5 in Maces & Flails
  5085 | D:5      | Entered Level 5 of the Dungeon
  5779 | D:5      | Noticed Duvessa
  5922 | D:5      | Noticed Dowan
  5933 | D:5      | Killed Duvessa
  5934 | D:5      | Reached skill level 5 in Dodging
  5934 | D:5      | Reached skill level 5 in Shields
  5934 | D:5      | Reached XP level 8. HP: 28/54 MP: 8/8
  5943 | D:5      | Killed Dowan
  5944 | D:5      | Reached skill level 5 in Fighting
  5944 | D:5      | Reached skill level 6 in Maces & Flails
  6397 | D:5      | Found a staircase to the Ecumenical Temple.
  6475 | Temple   | Entered the Ecumenical Temple
  6685 | Temple   | Became a worshipper of Warmaster Okawaru
  7839 | D:6      | Found a glowing golden altar of the Shining One.
  8014 | D:7      | Found a hide-covered altar of Uskayaw.
  8471 | D:7      | Found a hide-covered altar of Uskayaw.
  8491 | D:7      | Killed from afar by a steam dragon

Illustrated notes

Levels and vault maps discovered:
D:1:      kennysheep_arrival_seaside, layout_basic
D:2:      layout_basic, chequers_temple_overflow_minitemple, corner_web_ring,
          uniq_crazy_yiuf_cottage
D:3:      layout_basic, nicolae_qazlal_general_emergency, marbit_many_paths,
          uniq_ijyb
D:4:      gammafunk_wand_slinger, layout_basic, uniq_grinder, uniq_blork_the_orc
D:5:      layout_basic, lemuel_temple_firewalk_a, palyth_stone_intersect,
          uniq_duvessa
D:6:      layout_loops_cross, lemuel_crystal_altar
D:7:      layout_basic, lemuel_crystal_altar, basic_altar,
          ebering_ghost_rock_garden, uniq_menkaure
Temple:   nicolae_temple_figure_eight

Skill      XL: |  1  2  3  4  5  6  7  8 |
---------------+-------------------------+-----
Maces & Flails | 3 4 5 6 |  6.7
Dodging        | 4 5 |  5.5
Fighting       | 4 5 |  5.4
Shields        | 4 5 |  5.4

Action                   |  1- 3 |  4- 6 |  7- 9 || total
-------------------------+-------+-------+-------++-------
Melee: Flail             |    73 |    74 |   137 ||   284
       Constrict         |    20 |    20 |    26 ||    66
       Tentacles         |     7 |    14 |    36 ||    57
  Use: Scroll            |       |       |     2 ||     2
 Stab: Sleeping          |     4 |     3 |     5 ||    12
Armor: Skin              |     7 |     6 |     5 ||    18
Dodge: Dodged            |    32 |    38 |    47 ||   117
Block: Kite shield       |    35 |    33 |    46 ||   114
